 Dungeon Crawl Stone Soup version 0.15.0-8-gb109cf8 (webtiles) character file.

14 Kashira the Sneak (level 2, 0/22 HPs)
             Began as a Naga Enchanter on Aug 30, 2014.
             Slain by a hobgoblin
             ... wielding a cursed +0 club
              (4 damage)
             ... on Level 1 of the Dungeon.
             The game lasted 00:02:52 (594 turns).

Kashira the Sneak (Naga Enchanter)                   Turns: 594, Time: 00:02:52

HP   0/22        AC  2     Str 10      XL: 2   Next: 41%
MP   1/4         EV 10     Int 15      God:
Gold 27          SH  0     Dex 11      Spells:  3 memorised,  0 levels left

rFire  . . .     SeeInvis +     a - +1 dagger
rCold  . . .     Clarity  .     b - +1 robe
rNeg   . . .     rCorr    .     (no shield)
rPois  +         rRot     .     (no helmet)
rElec  .         Spirit   .     (no cloak)
SustAb .         Warding  .     (no gloves)
rMut   .         Stasis   .     (no barding)
Gourm  .                        (no amulet)
MR     .....                    (no ring)
                                (no ring)

@: very slightly contaminated, very slow, not resistant to hostile enchantments,
fairly stealthy
A: spit poison, see invisible, deformed body, poison resistance, slowness 2
a: Spit Poison


You were on level 1 of the Dungeon.
You were not hungry.

You visited 1 branch of the dungeon, and saw 1 of its levels.

You collected 27 gold pieces.

Inventory:

Hand weapons
 a - a +1 dagger (weapon)
Armour
 b - a +1 robe (worn)
Comestibles
 d - a bread ration
 h - a beef jerky
Scrolls
 f - a scroll of enchant weapon {unknown}
 g - a scroll of blinking {unknown}
 i - 2 scrolls of teleportation {unknown}
Potions
 e - a potion of flight {unknown}
Books
 c - a book of Maledictions

   Spells                             Type                      Level
   *Corona                            Hexes                        1
   *Sure Blade                        Hexes/Charms                 2
   *Ensorcelled Hibernation           Hexes/Ice                    2
   Confuse                            Hexes                        3
   Dazzling Spray                     Conjuration/Hexes            3
   Enslavement                        Hexes                        4


   Skills:
 + Level 1.0 Short Blades
 + Level 1.7 Dodging
 + Level 5.2 Stealth
 + Level 2.0 Spellcasting
 + Level 3.1 Hexes


You couldn't memorise any spells.
You knew the following spells:

 Your Spells              Type           Power        Failure   Level  Hunger
a - Corona                Hex            ##.....      8%          1    #......
b - Ensorcelled Hibernat  Hex/Ice        #.....       17%         2    ###....
c - Sure Blade            Hex/Chrm       #.........   17%         2    ###....


Dungeon Overview and Level Annotations

Branches:
Dungeon (1/15)

Altars:


Innate Abilities, Weirdness & Mutations

You cannot wear boots.
You can spit poison.
You have supernaturally acute eyesight.
Armour fits poorly on your strangely shaped body.
Your system is resistant to poisons.
You cover ground very slowly.


Message History

You hit the hobgoblin.
The hobgoblin is moderately wounded.
The hobgoblin hits you. The hobgoblin closely misses you.
The hobgoblin closely misses you.
You hit the hobgoblin but do no damage.
The hobgoblin is lightly wounded.
The hobgoblin barely misses you. The hobgoblin hits you with a club.
Casting: Ensorcelled Hibernation
Confirm with . or Enter, or press ? or * to list all spells.
You miscast Sure Blade.
You are very lightly contaminated with residual magic.
The air around you crackles with energy!
The hobgoblin hits you. The hobgoblin hits you with a club.
You barely miss the hobgoblin. The hobgoblin misses you.
You hit the hobgoblin but do no damage. The hobgoblin hits you with a club!
* * * LOW HITPOINT WARNING * * *
The hobgoblin barely misses you.
You barely miss the hobgoblin. The hobgoblin hits you with a club.
You die...

........!..#
#.......$$..#
#...........#
#...........#
#...........# #
#....#.....####
#####....#..$......
..........#gg.......
#..........#@.........
#..........##..?......
#..........##.........
#.....................
###
######.....>........
... #..(............(
... #.....##........J
.. #.....###....... ..
#.....###...... ..


You could see 2 hobgoblins.

Vanquished Creatures
  3 bats (D:1)
  4 goblins (D:1)
  A hobgoblin (D:1)
  A ball python (D:1)
  A giant newt (D:1)
  2 kobolds (D:1)
  A rat (D:1)
13 creatures vanquished.

Notes
Turn   | Place    | Note
--------------------------------------------------------------
     0 | D:1      | Kashira, the Naga Enchanter, began the quest for the Orb.
     0 | D:1      | Reached XP level 1. HP: 15/15 MP: 3/3
   364 | D:1      | Reached skill level 5 in Stealth
   374 | D:1      | Reached XP level 2. HP: 20/22 MP: 4/4
   379 | D:1      | Learned a level 2 spell: Ensorcelled Hibernation
   382 | D:1      | Learned a level 2 spell: Sure Blade
   594 | D:1      | Slain by a hobgoblin

Action                   || total
-------------------------++-------
Melee: Dagger            ||    46
 Cast: Corona            ||     1
       Sure Blade        ||     2
       Ensorcelled Hiber ||     1
 Stab: Sleeping          ||     1
